 Dungeon Crawl Stone Soup version 0.23.2-40-g277498a001 (webtiles) character file.

Game seed: 10771827010116985982

71 MisterOstroum the Skirmisher (level 4, 10/57 HPs)
             Began as a Demonspawn Wanderer on Sept 13, 2019.
             Quit the game on level 3 of the Dungeon.
             The game lasted 00:04:08 (2385 turns).

MisterOstroum the Skirmisher (Demonspawn Wanderer)  Turns: 2385, Time: 00:04:08

Health: 10/57      AC: 22    Str: 10    XL:     4   Next: 5%
Magic:  4/4        EV:  2    Int: 22    God:
Gold:   15         SH:  0    Dex: 12    Spells: 3/3 levels left

rFire    . . .     SeeInvis .   n - +0 war axe
rCold    . . .     Gourm    .   (no shield)
rNeg     + + +     Faith    .   (armour currently unavailable)
rPois    +         Spirit   .   (helmet currently unavailable)
rElec    .         Reflect  .   (cloak currently unavailable)
rCorr    .         Harm     .   (gloves currently unavailable)
MR       .....     NoTele   +   (boots currently unavailable)
Stlth    +.........             (no amulet)
HPRegen  0.19/turn              (no ring)
MPRegen  0.09/turn              (no ring)

@: brilliant, lethally poisoned (10 -> -15), tree-form
A: no striking features
a: no special abilities


You were on level 3 of the Dungeon.
You were not hungry.
You were a tree.
You visited 1 branch of the dungeon, and saw 3 of its levels.

You collected 15 gold pieces.

Inventory:

Hand Weapons
 m - a +1 dagger of speed
 n - a +0 war axe (weapon)
Missiles
 f - 35 stones (quivered)
Armour
 d - a +2 scale mail (melded)
Jewellery
 h - an uncursed amulet of harm
Scrolls
 b - a scroll of teleportation {@r3 !r}
 i - 2 scrolls of magic mapping {unknown}
 j - 2 scrolls of identify
 k - a scroll of enchant weapon {unknown}
 l - a scroll of enchant armour {unknown}
Comestibles
 a - 6 chunks of flesh
 e - 3 rations


   Skills:
 + Level 4.4 Fighting
   Level 1.7 Bows
   Level 1.7 Crossbows
 - Level 1.0 Throwing
 - Level 1.7 Armour
   Level 1.0 Evocations


You had 3 spell levels left.
You didn't know any spells.
Your spell library was empty.

Dungeon Overview and Level Annotations

Branches:
Dungeon (3/15)

Altars:

Annotations:
D:2 Sigmund


Innate Abilities, Weirdness & Mutations

((You have sharp fingernails.))
((You have a pair of small horns on your head.))
((You have sharp toenails.))


Message History

A worm is nearby!
Found a ration.
Found a club.
Found a stone staircase leading down.
You barely miss the worm. The worm bites you but does no damage.
You hit the worm.
The worm is moderately wounded.
The worm closely misses you.
You slash the worm!
The worm is severely wounded.
The worm bites you but does no damage.
Your scale mail prevents you from hitting the worm.
You headbutt the worm.
The worm is almost dead.
The worm bites you but does no damage.
You hit the worm.
You kill the worm!
You have reached level 4!
You feel agile.
Your demonic ancestry asserts itself...
Your toenails lengthen and sharpen.
You butcher the worm corpse.
a - 6 chunks of flesh (gained 2)
e - 3 rations (gained 1)
An orc comes into view. It is wielding a +0 flail.
The orc shouts!
You hear a shout! x3
An orc comes into view. It is wielding a +1 dagger of venom.
There are monsters nearby!
There are monsters nearby!
There are monsters nearby!
The orc shouts!
An orc wizard comes into view. It is wielding a +0 dagger.
A hobgoblin comes into view.
An ooze and an orc come into view.
The hobgoblin shouts!
The orc shouts!
The orc wizard miscasts a cantrip.
Found a stone staircase leading up.
You see here a ration.
An orc comes into view. It is wielding a -2 short sword.
The orc shouts!
The orc hits you with a +0 flail.
You hit the orc but do no damage. Your kick misses the orc.
The orc hits you but does no damage.
Sigmund the Dreaded comes into view.
He is wielding a +1 scythe of protection.
You see here a ration.
Press: ? - help, v - describe, . - travel
Here: an orc, wielding a +1 dagger of venom The floor.
There is a stone staircase leading down here.
The orc completely misses you.
You climb downwards.
Found 7 sling bullets.
There is a stone staircase leading up here.
Your scale mail prevents you from hitting the orc.
The orc hits you but does no damage.
You are poisoned.
You hit the orc. Your kick misses the orc.
The orc is severely wounded.
You feel sick. The orc hits you but does no damage.
You are more poisoned.
The orc hits you but does no damage.
You are more poisoned.
You hit the orc. Your kick misses the orc.
The orc is almost dead.
You feel very sick. The orc hits you but does no damage.
You are lethally poisoned!
You barely miss the orc.
The orc is almost dead.
You feel very sick. The orc completely misses you.
The orc hits you but does no damage.
You are more poisoned.
You closely miss the orc.
The orc is almost dead.
You feel very sick. The orc hits you but does no damage.
You are more poisoned.
You slash the orc!
You kill the orc!
You feel very sick.
It was a potion of brilliance.
You feel clever all of a sudden.
You feel very sick.
Okay, then.
* * * LOW HITPOINT WARNING * * *
You feel very sick.
Things that are here:
a +1 dagger of venom; an orc corpse Really quaff the potion of lignification?
You turn into a tree.
Your +2 scale mail melds into your body.
Your roots penetrate the ground.
* * * LOW HITPOINT WARNING * * *
You feel very sick.
* * * LOW HITPOINT WARNING * * *
You feel sick.
* * * LOW HITPOINT WARNING * * *
You feel very sick.
You are brilliant.
You are lethally poisoned (10 -> -15).
You are a tree.
Your movement speed is average.
Your attack speed is quite slow.
Your base attributes are Str 10, Int 17, Dex 12.
Are you sure you want to abandon this character and quit the game? (Confirm with "yes".)

######
#....#
#.<♣.#
#..(.#
#....#
#....#
#.....
#......
#....#..
####.....


There were no monsters in sight!

Vanquished Creatures
  2 adders (D:2)
  A worm (D:2)
  2 dart slugs (D:1)
  A leopard gecko (D:2)
  An orc (D:3)
  A ball python (D:1)
  3 giant cockroaches (D:1)
  4 goblins
  5 hobgoblins
  3 jackals (D:2)
  A kobold (D:2)
  7 bats
  3 frilled lizards
  10 rats
44 creatures vanquished.

Notes
Turn   | Place    | Note
-------+----------+-------------------------------------------
     0 | D:1      | MisterOstroum the Demonspawn Wanderer began the quest for
                  | the Orb.
     0 | D:1      | MisterOstroum set off with the following items: a +0
                  | dagger, a scroll of teleportation {@r3 !r}, a potion of
                  | lignification {@q6}, a +2 scale mail, a ration
     0 | D:1      | Reached XP level 1. HP: 16/16 MP: 1/1
   582 | D:1      | Gained mutation: You have a pair of small horns on your
                  | head. [demonic ancestry]
   582 | D:1      | Reached XP level 2. HP: 23/23 MP: 2/2
   773 | D:1      | Reached skill level 3 in Fighting
  1660 | D:1      | Gained mutation: You have sharp fingernails. [demonic
                  | ancestry]
  1660 | D:1      | Reached XP level 3. HP: 23/29 MP: 3/3
  1799 | D:2      | Reached skill level 4 in Fighting
  2331 | D:2      | Gained mutation: You have sharp toenails. [demonic
                  | ancestry]
  2331 | D:2      | Reached XP level 4. HP: 38/38 MP: 4/4
  2366 | D:2      | Noticed Sigmund
  2385 | D:3      | Quit the game

Skill      XL: |  1  2  3 |
---------------+----------+-----
Fighting       | 3 4 |  4.4
Bows           | |  1.7
Crossbows      | |  1.7
Throwing       | |  1.0
Armour         | |  1.7
Evocations     | |  1.0

Action                   |  1- 3 |  4- 6 || total
-------------------------+-------+-------++-------
Melee: Dagger            |   236 |       ||   236
       Headbutt          |    25 |       ||    25
       War axe           |    16 |     7 ||    23
  Use: Scroll            |     1 |       ||     1
       Potion            |       |     2 ||     2
  Eat: Chunk             |     5 |       ||     5
Armor: Scale mail        |   193 |     7 ||   200
Dodge: Dodged            |   141 |     2 ||   143
